 Dungeon Crawl Stone Soup version 0.21.0-3-g78d12a8 (webtiles) character file.

475 inmateoo the Ruffian (level 6, -1/55 HPs)
             Began as a Troll Air Elementalist on Jan 10, 2018.
             Was an Initiate of Cheibriados.
             Slain by an ogre
             ... wielding a +0 giant spiked club
              (13 damage)
             ... on level 5 of the Dungeon.
             The game lasted 00:05:24 (1748 turns).

inmateoo the Ruffian (Troll Air Elementalist)       Turns: 1748, Time: 00:05:25

Health: -1/55      AC:  5    Str: 18    XL:     6   Next: 84%
Magic:  3/6        EV: 10    Int: 12    God:    Cheibriados [......]
Gold:   160        SH:  0    Dex: 13    Spells: 3/7 levels left

rFire    . . .     SeeInvis .     - Unarmed
rCold    . . .     Gourm    +   (no shield)
rNeg     . . .     Faith    .   a - +0 robe
rPois    .         Spirit   .   (helmet restricted)
rElec    .         Reflect  .   (no cloak)
rCorr    .         Harm     .   (gloves unavailable)
MR       .....                  (boots unavailable)
Stlth    ++........             (no amulet)
HPRegen  0.58/turn              (no ring)
MPRegen  0.10/turn              (no ring)

@: very slightly contaminated, invisible, very slow
A: large, unfitting armour, claws 3, fast metabolism 3, gourmand, regeneration
1, shaggy fur 1, tough skin 2
a: Bend Time, Renounce Religion


You were on level 5 of the Dungeon.
You worshipped Cheibriados.
Cheibriados was noncommittal.
You were completely stuffed.

You visited 2 branches of the dungeon, and saw 5 of its levels.
You also visited: Sewer.

You collected 160 gold pieces.

Inventory:

Armour
 a - a +0 robe (worn)
Wands
 k - a wand of random effects (33)
Scrolls
 h - a scroll of teleportation
Potions
 d - a potion of lignification {unknown}
 f - a potion of curing
 g - a potion of might {unknown}
 i - 2 potions of berserk rage
Books
 b - a book of Air

   Spells                             Type                      Level
   a - Shock                          Conjuration/Air              1
   b - Swiftness                      Charms/Air                   2
   c - Static Discharge               Conjuration/Air              3
   d - Airstrike                      Air                          4
   e - Lightning Bolt                 Conjuration/Air              5
 l - a book of Cantrips

   Spells                             Type                      Level
   a - Confusing Touch                Hexes                        1
   b - Animate Skeleton               Necromancy                   1
   c - Summon Small Mammal            Summoning                    1
   d - Apportation                    Translocation                1
Comestibles
 c - 5 rations
 j - a chunk of flesh


   Skills:
 + Level 1.0 Fighting
 + Level 2.0 Dodging
 - Level 1.0 Stealth
 * Level 6.6 Unarmed Combat
 - Level 1.2 Spellcasting
 - Level 0.6 Conjurations
 - Level 2.0 Air Magic


You had 3 spell levels left.
You knew the following spells:

 Your Spells              Type           Power        Failure   Level  Hunger
a - Shock                 Conj/Air       #...         17%         1    ##.....
b - Animate Skeleton      Necr           N/A          30%         1    ##.....
c - Apportation           Tloc           #.....       30%         1    ##.....
d - Summon Small Mammal   Summ           #...         30%         1    ##.....


Dungeon Overview and Level Annotations

Branches:
Dungeon (5/15)             Temple (1/1) D:4

Altars:
Cheibriados
Hepliaklqana
Makhleb
Qazlal
Trog
Zin

Annotations:
D:4 Dowan, Duvessa
D:5 Edmund


Innate Abilities, Weirdness & Mutations

You are too large for most types of armour.
You have claws for hands.
Your metabolism is lightning-fast.
You like to eat raw meat.
Your natural rate of healing is unusually fast.
You are covered in fur. (AC +1)
You have very tough skin. (AC +2)


Message History

* * * LOW HITPOINT WARNING * * *
You are very lightly contaminated with residual magic.
Unknown command.
You barely miss the ogre.
The ogre is moderately wounded.
The ogre barely misses you.
Unknown command.
Okay, then.
Okay, then.
The flow of time bends around you.
The ogre resists with some effort. x2
You feel slightly less full.
Cheibriados no longer slows and strengthens your metabolism.
Cheibriados lowers the support of your attributes as your movement quickens.
The ogre barely misses you. The ogre closely misses you.
Unknown command.
Unknown command.
You claw the ogre!
The ogre is severely wounded.
The ogre hits you with a giant spiked club!
You die...

... ..## ... ...#
... ...## ...
#...# #.. #...##
## ... .
##..?.#.(. ...
... ##OO.......
... .....
###..@....# #..
.....
##......#### #..
#....#
###......## ##..
#...###........##
##...
#..............#
##....
#..............#
#.....
##.....###.....#
##..... #...###
##.....# ##......
# #...# ##....#
##.....).


You could see 2 ogres.

Vanquished Creatures
  A phantom (D:4)
  A crocodile (Sewer)
  A centaur (D:5)
  2 hounds
  A bullfrog skeleton (D:5)
  2 worker ants (D:4)
  A gnoll (D:1)
  An adder (D:5)
  An ooze (D:1)
  A worm (D:4)
  A dart slug (D:1)
  2 leopard geckos
  2 orcs (D:5)
  6 bats
  4 giant cockroaches
  2 goblins (D:1)
  7 hobgoblins (D:1)
  7 jackals
  2 quokkas
  A ball python (D:1)
  4 frilled lizards
  A jackal skeleton (D:4)
  3 kobolds (D:1)
  3 rats (D:1)
57 creatures vanquished.

Vanquished Creatures (others)
  A howler monkey (D:5)
1 creature vanquished.

Grand Total: 58 creatures vanquished

Notes
Turn   | Place    | Note
-------+----------+-------------------------------------------
     0 | D:1      | inmateoo the Troll Air Elementalist began the quest for the Orb.
     0 | D:1      | Reached XP level 1. HP: 16/16 MP: 1/1
    88 | D:1      | Reached skill level 1 in Unarmed Combat
   112 | D:1      | Reached skill level 2 in Unarmed Combat
   112 | D:1      | Reached XP level 2. HP: 9/24 MP: 2/2
   236 | D:1      | Reached XP level 3. HP: 31/31 MP: 3/3
   311 | D:1      | Reached skill level 3 in Unarmed Combat
   580 | D:2      | You fall through a shaft for 2 floors!
   624 | D:4      | Found a glowing drain.
   652 | D:4      | Reached XP level 4. HP: 39/39 MP: 4/4
   661 | Sewer    | Entered a sewer
   695 | Sewer    | Learned a level 1 spell: Animate Skeleton
   697 | Sewer    | Learned a level 1 spell: Apportation
   699 | Sewer    | Learned a level 1 spell: Summon Small Mammal
   724 | Sewer    | Noticed a crocodile
   734 | Sewer    | Killed a crocodile
   734 | Sewer    | Reached skill level 4 in Unarmed Combat
   734 | Sewer    | Reached XP level 5. HP: 7/45 MP: 5/5
   893 | D:4      | Reached skill level 5 in Unarmed Combat
   915 | D:4      | Found a staircase to the Ecumenical Temple.
   954 | D:4      | Noticed a phantom
   995 | Temple   | Entered the Ecumenical Temple
  1027 | Temple   | Became a worshipper of Cheibriados the Contemplative
  1118 | D:4      | Killed a phantom
  1118 | D:4      | Reached skill level 6 in Unarmed Combat
  1118 | D:4      | Reached XP level 6. HP: 41/53 MP: 6/6
  1136 | D:4      | Noticed Duvessa
  1138 | D:4      | Noticed Dowan
  1151 | D:5      | Entered Level 5 of the Dungeon
  1151 | D:5      | Noticed Edmund
  1647 | D:5      | Reached skill level 1 in Fighting
  1732 | D:5      | Reached * piety under Cheibriados
  1748 | D:5      | Slain by an ogre

Skill      XL: |  1  2  3  4  5  6 |
---------------+-------------------+-----
Unarmed Combat | 2 3 4 6 |  6.6
Dodging        | 2 |  2.0
Fighting       | 1 |  1.0
Stealth        | |  1.0
Spellcasting   | |  1.2
Conjurations   | |  0.6
Air Magic      | |  2.0

Action                   |  1- 3 |  4- 6 || total
-------------------------+-------+-------++-------
Melee: Unarmed           |    75 |   120 ||   195
       Punch             |     2 |     7 ||     9
Invok: Bend Time         |       |     1 ||     1
  Use: Scroll            |       |     7 ||     7
       Potion            |       |     2 ||     2
 Stab: Sleeping          |       |     2 ||     2
  Eat: Chunk             |    10 |    13 ||    23
Armor: Robe              |    37 |    67 ||   104
Dodge: Dodged            |    42 |    77 ||   119
